Map: Eternal Empire LE

Players

ShoWTimE

  • Race: Protoss Protoss
  • Spawn Location: 1:00

HeroMarine - Winner!

  • Race: Terran Terran
  • Spawn Location: 7:00

Event: IEM Katowice 2020

VOD

Have the link to the VOD?

Description

Time

  • Played on: Feb. 24, 2020, 9:52 a.m.
  • Length: 24:24

All games in this series

Show
View Real Time Build Order
Export as new Build Order

ShoWTimE Protoss 

Build Orders: 1 Gate Expand, Oracle Opening 

Get SALT Encoding   

  12  0:00  Probe  
  13  0:12  Probe  
  14  0:17  Pylon  
  14  0:24  Probe (Chrono Boost)  
  15  0:36  Probe (Chrono Boost)  
  15  0:37  Gateway  
  16  0:44  Probe (Chrono Boost)  
  16  0:46  Assimilator  
  17  0:51  Probe  
  18  1:03  Probe  
  19  1:15  Probe  
  20  1:24  Nexus  
  20  1:32  Cybernetics Core  
  20  1:36  Probe  
  21  1:41  Assimilator  
  21  1:48  Probe  
  21  1:51  Pylon  
  22  2:00  Probe  
  23  2:06  Adept (Chrono Boost)  
  23  2:12  Probe  
  26  2:16  Stargate  
  26  2:24  Probe (Chrono Boost)  
  26  2:26  Adept (Chrono Boost)  
  29  2:32  Warp Gate  
  29  2:36  Probe (Chrono Boost)  
  31  2:42  Probe (Chrono Boost)  
  32  2:45  Probe (Chrono Boost)  
  32  2:49  Probe (Chrono Boost), Adept  
  32  2:50  Probe (Chrono Boost)  
  36  3:00  Probe, Oracle (Chrono Boost)  
  36  3:02  Probe  
  41  3:12  Probe  
  41  3:14  Probe  
  41  3:15  Pylon  
  42  3:24  Probe  
  42  3:26  Probe  
  44  3:30  Oracle (Chrono Boost)  
  47  3:37  Probe, Pylon  
  47  3:38  Probe  
  49  3:49  Probe  
  49  3:50  Probe, Gateway  
  49  3:53  Gateway  
  51  4:01  Probe, Phoenix  
  55  4:02  Probe  
  55  4:12  Nexus  
  55  4:13  Probe  
  55  4:15  Probe  
  57  4:17  Pylon  
  57  4:25  Probe  
  57  4:27  Probe  
  59  4:31  Phoenix  
  59  4:34  Robotics Facility  
  59  4:37  Probe  
  62  4:39  Probe  
  62  4:40  Assimilator  
  62  4:44  Pylon  
  62  4:45  Assimilator  
  63  4:49  Probe  
  63  4:51  Probe  
  65  4:52  Forge  
  65  5:00  Twilight Council  
  65  5:01  Probe  
  65  5:03  Phoenix  
  65  5:04  Probe  
  69  5:12  Charge  
  69  5:13  Probe  
  68  5:16  Probe  
  68  5:18  Adept  
  71  5:22  Observer  
  71  5:25  Probe  
  71  5:27  Probe  
  71  5:28  Probe  
  75  5:30  Protoss Ground Armor Level 1 (Chrono Boost)  
  72  5:38  Probe  
  72  5:39  Probe  
  72  5:40  Probe  
  75  5:43  Sentry  
  75  5:44  Pylon  
  75  5:48  Zealot x2  
  81  5:50  Probe  
  81  5:51  Probe  
  81  5:54  Probe  
  81  5:55  Gateway  
  84  5:57  Gateway  
  84  5:58  Robotics Bay  
  84  5:59  Gateway  
  84  6:02  Probe, Gateway  
  85  6:04  Probe  
  85  6:06  Probe, Assimilator  
  85  6:09  Assimilator  
  87  6:14  Probe  
  87  6:16  Probe  
  89  6:18  Probe, Pylon  
  89  6:20  Observer  
  89  6:23  Gateway  
  89  6:24  Shield Battery, Sentry, Photon Cannon  
  93  6:28  Zealot x2  
  93  6:30  Pylon  
  97  6:40  Pylon  
  97  6:43  Robotics Facility, Colossus (Chrono Boost)  
  103  6:54  Zealot x3  
  103  6:55  Zealot  
  103  7:00  Forge  
  110  7:05  Zealot x3  
  110  7:07  Probe x2  
  116  7:10  Probe, Shield Battery  
  114  7:16  Protoss Ground Weapons Level 1 (Chrono Boost)  
  114  7:19  Probe, Zealot x4  
  123  7:34  Pylon  
  121  7:48  Pylon  
  121  7:49  Colossus (Chrono Boost)  
  121  7:51  Extended Thermal Lance  
  121  7:55  Protoss Ground Armor Level 2 (Chrono Boost)  
  133  7:59  Colossus (Chrono Boost)  
  133  8:02  Nexus  
  133  8:06  Pylon  
  133  8:08  Stalker x2  
  135  8:12  Stalker x2  
  139  8:20  Zealot  
  139  8:24  Zealot  
  141  8:27  Pylon  
  141  8:28  Pylon  
  141  8:31  Pylon  
  141  8:33  Pylon  
  139  8:36  Photon Cannon  
  139  8:43  Warp Prism (Chrono Boost), Pylon  
  139  8:48  Pylon  
  141  8:50  Disruptor (Chrono Boost)  
  141  8:51  Nexus  
  141  8:53  Pylon  
  142  8:56  Stalker x3  
  142  8:57  Zealot  
  150  9:03  Zealot x2  
  152  9:14  Pylon  
  152  9:16  Zealot x2  
  140  9:20  Zealot x4  
  140  9:21  Blink (Chrono Boost)  
  146  9:29  Probe  
  146  9:30  Probe  
  146  9:31  Disruptor (Chrono Boost)  
  144  9:37  Probe  
  146  9:42  Probe x2  
  146  9:43  Pylon  
  146  9:45  Sentry x2  
  148  9:46  Stalker x3  
  156  9:52  Zealot x2  
  156  9:53  Zealot  
  156  9:59  Disruptor x2  
  162  10:00  Probe  
  162  10:03  Protoss Ground Weapons Level 2 (Chrono Boost)  
  169  10:14  Stalker x3  
  173  10:16  Zealot  
  173  10:21  Zealot x2  
  163  10:26  Zealot x2  
  161  10:33  Protoss Ground Armor Level 3 (Chrono Boost)  
  161  10:34  Probe x3  
  162  10:46  Probe  
  163  10:54  Nexus  
  163  10:56  Pylon  
  161  10:57  Zealot x5  
  161  11:02  Disruptor (Chrono Boost)  
  164  11:14  Probe x2  
  164  11:17  Stalker x2  
  164  11:18  Stalker x4  
  174  11:28  Probe x3  
  174  11:29  Probe, Dark Shrine  
  174  11:31  Disruptor (Chrono Boost)  
  173  11:35  Disruptor (Chrono Boost)  
  176  11:43  Zealot x3  
  182  11:48  Zealot x2  
  182  11:53  Zealot x3  
  192  11:57  Photon Cannon, Disruptor  
  195  12:04  Disruptor  
  198  12:11  Templar Archives  
  198  12:13  Protoss Ground Weapons Level 3 (Chrono Boost)  
  196  12:26  Zealot x3  
  200  12:35  Photon Cannon  
  197  12:52  Zealot  
  199  12:58  Protoss Shields Level 1 (Chrono Boost)  
  199  13:11  Gateway  
  199  13:13  Gateway  
  199  13:15  Gateway  
  199  13:17  Gateway, Dark Templar  
  195  13:24  Zealot x6  
  193  13:28  Probe x2  
  195  13:35  Photon Cannon  
  195  13:37  Zealot  
  195  13:39  Photon Cannon, Psionic Storm  
  183  13:50  High Templar x3  
  183  13:53  Photon Cannon  
  187  13:55  Photon Cannon  
  187  13:57  Photon Cannon  
  187  13:59  Assimilator  
  187  14:00  Probe x2  
  187  14:01  Gateway  
  189  14:03  Unknown  
  189  14:04  Gateway, Assimilator  
  189  14:05  Gravitic Drive (Chrono Boost)  
  189  14:14  Pylon  
  187  14:19  Shield Battery  
  187  14:20  Shadow Stride (Chrono Boost)  
  187  14:22  Shield Battery  
  187  14:23  Photon Cannon  
  187  14:24  High Templar x2  
  187  14:25  Zealot x4  
  187  14:26  Pylon  
  187  14:30  Nexus  
  199  14:32  Pylon  
  199  14:44  Dark Templar x2  
  194  14:57  Zealot x6  
  200  15:10  Nexus  
  200  15:11  Probe  
  191  15:19  Stalker x5  
  199  15:28  Warp Prism  
  183  15:32  Zealot x6  
  183  15:33  Void Ray (Chrono Boost)  
  191  15:52  High Templar x4  
  191  15:56  Photon Cannon  
  199  15:59  Photon Cannon  
  199  16:00  Archon  
  199  16:01  Shield Battery, Archon  
  199  16:02  Pylon  
  199  16:07  Photon Cannon  
  199  16:10  Nexus  
  199  16:12  Pylon  
  191  16:40  Stalker x4  
  197  16:52  Stalker  
  197  16:53  Stalker x3, Zealot x4  
  195  17:06  Zealot x4  
  193  17:14  Stalker x4  
  185  17:18  Zealot x4  
  189  17:26  Stalker x3  
  189  17:29  Stalker  
  149  17:40  Stalker x8  
  165  17:45  Zealot x2  
  168  17:51  Zealot x3  
  172  18:03  Assimilator  
  172  18:04  Zealot x8  
  177  18:07  Zealot x2, Assimilator  
  127  18:20  Archon  
  127  18:22  Zealot x3  
  127  18:25  Stalker x2  
  107  18:38  Stalker x5  
  117  18:43  High Templar x6  
  129  18:51  Disruptor  
  132  19:04  High Templar  
  132  19:05  High Templar  
  132  19:06  Disruptor  
  133  19:12  High Templar x4  
  133  19:13  Zealot x2  
  145  19:17  Archon x2  
  145  19:30  Disruptor  
  148  19:37  Stalker x4, Zealot x4  
  164  19:42  Nexus, Disruptor  
  167  19:47  Zealot x2  
  167  19:48  Zealot x2  
  175  20:00  Dark Templar  
  169  20:08  Pylon  
  169  20:09  Dark Templar  
  169  20:12  Zealot x5  
  179  20:19  Stalker x2  
  180  20:32  Stalker x3  
  159  20:46  Zealot x4  
  163  20:52  Archon, Zealot x3  
  166  21:03  Zealot x3  
  140  21:15  Stalker x3, Observer x2  
  109  21:23  Stalker x2  
  109  21:25  Stalker  
  107  21:28  Zealot  
  93  21:37  Disruptor (Chrono Boost)  
  99  21:44  Dark Templar  
  99  21:46  Dark Templar, Disruptor (Chrono Boost)  
  103  21:49  High Templar x2  
  103  21:54  Sentry x2, Zealot  
  109  22:01  High Templar  
  115  22:02  Stalker x2  
  119  22:09  Zealot x2  
  119  22:12  Zealot x2  
  127  22:19  Zealot x2  
  131  22:29  Stalker x2  
  135  22:37  Stalker x3  
  141  22:47  Unknown  
  141  22:50  Pylon  
  139  22:55  Stalker x4  
  139  23:08  Disruptor  
  139  23:09  Disruptor  
  145  23:19  Stalker x2, Zealot x4  
  155  23:31  Zealot x4  
  159  23:51  Stalker x3  
  159  23:52  Stalker x2  
  166  24:02  Zealot x3  
  127  24:14  Zealot x4  
  127  24:15  Zealot  
  127  24:16  Zealot  
Show
View Real Time Build Order
Export as new Build Order

HeroMarine Terran - Winner!

Build Orders: Gas First Reaper Expand 

Get SALT Encoding   

  12  0:00  SCV  
  13  0:12  SCV  
  14  0:17  Supply Depot  
  14  0:24  SCV  
  15  0:28  Refinery  
  15  0:39  SCV  
  16  0:45  Barracks  
  16  0:51  SCV  
  17  1:03  SCV  
  18  1:15  SCV  
  19  1:31  Reaper, Orbital Command  
  20  1:47  Command Center  
  20  1:56  Factory  
  20  1:58  SCV  
  21  2:07  Barracks Reactor  
  21  2:10  SCV  
  21  2:14  Supply Depot  
  22  2:18  Refinery  
  22  2:22  SCV  
  23  2:36  SCV  
  24  2:43  Starport  
  24  2:44  Marine x2  
  24  2:48  SCV  
  24  2:49  Widow Mine  
  29  3:00  SCV, Orbital Command  
  29  3:03  Marine x2  
  32  3:12  SCV  
  34  3:21  Marine x2  
  34  3:24  SCV  
  39  3:27  SCV  
  39  3:29  Viking  
  39  3:30  Factory Tech Lab  
  39  3:31  Supply Depot  
  37  3:36  SCV  
  37  3:39  SCV, Marine x2  
  41  3:49  SCV, Cyclone  
  41  3:51  SCV  
  41  3:54  Supply Depot  
  46  3:59  Starport Tech Lab  
  46  4:01  SCV  
  47  4:04  SCV  
  50  4:13  SCV  
  50  4:15  Command Center  
  50  4:16  SCV  
  50  4:18  Raven  
  52  4:24  Refinery, Marine  
  52  4:25  SCV  
  52  4:26  Marine  
  52  4:28  SCV  
  56  4:34  Barracks  
  56  4:38  Supply Depot  
  56  4:39  SCV  
  56  4:40  SCV  
  56  4:44  Siege Tank  
  61  4:48  Engineering Bay  
  61  4:51  SCV  
  62  4:55  Barracks  
  62  5:00  SCV, Marine x2  
  62  5:04  SCV, Supply Depot  
  66  5:12  SCV  
  67  5:16  SCV  
  67  5:18  Terran Infantry Weapons Level 1  
  67  5:19  Refinery  
  68  5:24  SCV  
  68  5:25  Siege Tank  
  68  5:26  Marine x2  
  68  5:28  SCV, Orbital Command  
  72  5:36  SCV, Stimpack, Marauder  
  72  5:38  Starport Reactor  
  72  5:40  SCV  
  75  5:44  Marine  
  75  5:46  Barracks  
  75  5:48  Barracks  
  75  5:50  SCV  
  75  5:52  SCV  
  75  5:55  Missile Turret  
  77  5:59  Marauder  
  77  6:01  Marine x2  
  77  6:03  Missile Turret  
  81  6:04  Orbital Command  
  81  6:05  SCV x2  
  81  6:06  Supply Depot, Factory Reactor  
  82  6:17  SCV x2  
  82  6:18  Medivac x2  
  85  6:25  Supply Depot  
  85  6:29  SCV x2  
  85  6:30  SCV  
  88  6:34  Marauder x2  
  88  6:35  Barracks Reactor  
  88  6:36  Barracks Tech Lab  
  92  6:40  Combat Shield  
  92  6:41  SCV  
  92  6:42  SCV x2  
  92  6:45  Missile Turret  
  95  6:47  Supply Depot x2, Marine x2  
  95  6:51  Medivac x2  
  95  6:53  SCV  
  102  6:54  Widow Mine x2  
  102  6:56  SCV x2  
  102  7:00  Refinery  
  102  7:01  Refinery  
  108  7:05  SCV  
  109  7:09  Marauder x3  
  109  7:12  SCV x2  
  109  7:14  Marine  
  109  7:15  Marine x2  
  117  7:16  Concussive Shells  
  117  7:17  SCV  
  117  7:19  Supply Depot x2  
  119  7:24  SCV  
  119  7:26  Marine  
  119  7:29  SCV, Widow Mine  
  125  7:30  Terran Infantry Armor Level 1  
  125  7:31  Marine  
  125  7:33  Armory  
  125  7:35  Engineering Bay  
  125  7:36  Supply Depot  
  125  7:40  Medivac x2  
  125  7:41  Marauder x2, Widow Mine  
  125  7:42  Marine  
  125  7:43  Marine x2  
  138  7:45  Supply Depot  
  138  7:46  Marine  
  138  7:50  Supply Depot  
  139  7:52  Marauder  
  143  8:02  Command Center  
  143  8:04  Marauder x2  
  149  8:06  Widow Mine x2  
  149  8:07  Marine x2  
  149  8:10  Marine x2  
  153  8:14  Supply Depot  
  153  8:16  Viking x2, Sensor Tower  
  156  8:20  Marauder  
  156  8:22  SCV x2  
  156  8:25  Marauder  
  162  8:32  Starport  
  162  8:34  SCV  
  162  8:35  SCV, Terran Infantry Weapons Level 2  
  162  8:36  Terran Ship Weapons Level 1  
  162  8:38  Marauder  
  166  8:42  Marauder  
  166  8:44  Supply Depot x2  
  166  8:46  Marauder  
  169  8:49  Missile Turret  
  169  8:52  Viking x2  
  171  9:04  Marauder  
  171  9:06  Marauder  
  173  9:15  Marauder  
  173  9:17  Marine  
  157  9:21  Marine x2  
  160  9:26  Marauder  
  160  9:28  Barracks x2  
  160  9:29  Medivac x2, Barracks  
  160  9:30  Viking x2  
  160  9:31  Marine x2  
  169  9:34  Terran Infantry Armor Level 2  
  169  9:36  Ghost Academy  
  169  9:38  Marauder, Marine  
  154  9:39  Marine  
  154  9:42  Marine  
  154  9:43  SCV  
  154  9:45  SCV  
  157  9:47  SCV  
  157  9:49  Missile Turret  
  158  9:52  Marine  
  158  9:53  Marine x2  
  158  9:55  Planetary Fortress  
  158  9:56  Marine  
  158  9:58  SCV x2  
  161  10:00  SCV  
  161  10:10  SCV x2  
  161  10:12  SCV  
  166  10:19  Marine  
  166  10:20  Barracks Reactor, Marine, Barracks Tech Lab  
  160  10:21  Marine x2  
  160  10:22  SCV, Barracks Tech Lab  
  160  10:25  SCV x2  
  153  10:34  SCV  
  150  10:42  Unknown  
  157  10:43  Unknown  
  157  10:44  Enhanced Shockwaves  
  157  10:47  Unknown, Refinery  
  157  10:48  Refinery  
  158  10:51  Marauder  
  158  10:53  Viking  
  158  10:54  Viking  
  158  10:56  Marine x2  
  147  11:07  Marine  
  147  11:08  Unknown x2, Marauder, Marine x2  
  147  11:10  Marine  
  147  11:11  Unknown, Marauder  
  148  11:12  Unknown, Marauder, Marine  
  148  11:13  SCV x2, Marine  
  148  11:14  SCV, Marine  
  141  11:20  SCV  
  141  11:25  SCV x2  
  136  11:26  SCV  
  136  11:29  Marine  
  136  11:30  Marauder, Marine x3  
  145  11:32  SCV  
  145  11:34  Marauder  
  145  11:35  Marine  
  145  11:37  SCV x2, Unknown, Marauder  
  145  11:38  SCV  
  154  11:41  Missile Turret  
  154  11:45  SCV  
  155  11:49  SCV x2  
  155  11:50  SCV  
  155  11:51  Marauder  
  160  11:55  Terran Infantry Weapons Level 3  
  160  11:57  SCV  
  160  11:59  Unknown  
  160  12:01  Unknown  
  163  12:04  Marauder  
  163  12:05  Marauder x2  
  163  12:07  Marine x2  
  171  12:08  Marine  
  171  12:10  Missile Turret  
  171  12:12  Marauder  
  171  12:14  Medivac x2  
  178  12:20  Marine  
  178  12:23  Unknown  
  178  12:24  Terran Infantry Armor Level 3, Marauder  
  178  12:26  Marauder x3, Marine  
  187  12:37  Marauder  
  189  12:51  Marauder  
  182  12:53  Marauder  
  182  12:54  Marine x2  
  182  12:56  Marauder x2, Marine x2  
  192  13:00  Marauder  
  192  13:03  Marine x2  
  192  13:05  Terran Ship Weapons Level 2  
  190  13:07  Fusion Core  
  190  13:11  Marine  
  190  13:12  Marauder, Marine  
  194  13:14  Marauder  
  194  13:17  Marauder x2  
  198  13:21  Command Center  
  198  13:22  Medivac, Marauder  
  193  13:30  Medivac x2  
  193  13:34  Marauder  
  194  13:35  Marauder  
  194  13:38  Marauder  
  194  13:39  Marauder  
  198  13:43  Marauder  
  198  13:48  Marine x4  
  190  13:51  Liberator  
  190  13:53  Advanced Ballistics  
  190  13:55  Marauder, Starport  
  189  13:57  Marauder  
  189  14:00  Marauder x2  
  195  14:11  Sensor Tower  
  195  14:13  Marauder  
  195  14:16  Marauder  
  199  14:20  Command Center  
  198  14:52  Unknown  
  198  14:54  Liberator x2  
  198  14:55  Liberator  
  198  14:59  Liberator  
  199  15:05  Starport Reactor  
  197  15:12  Rapid Reignition System  
  180  15:18  Barracks Reactor  
  180  15:19  SCV x3, Marauder x2  
  180  15:20  SCV x2  
  169  15:23  Marine x2  
  172  15:31  SCV x3  
  172  15:32  SCV x2  
  175  15:36  Orbital Command, Liberator x2  
  175  15:37  Liberator  
  175  15:41  Liberator x2  
  175  15:42  Liberator  
  197  15:43  SCV  
  197  15:44  Marauder  
  197  15:48  Planetary Fortress  
  200  15:51  Missile Turret  
  200  15:54  Unknown  
  200  16:07  Unknown x2  
  200  16:08  Terran Ship Weapons Level 3  
  200  16:09  Command Center  
  189  16:28  Marine x6  
  195  16:32  Command Center  
  191  16:44  Viking x2  
  195  16:47  Unknown x2  
  195  16:52  Unknown  
  195  16:53  Unknown x2  
  194  16:58  Marine x2  
  200  17:07  Marine x2  
  200  17:15  Marine x2  
  195  17:25  Unknown  
  195  17:26  Unknown  
  195  17:27  Marauder, Marine x3  
  195  17:28  Viking x3  
  195  17:29  Medivac x2  
  193  17:34  Medivac, Unknown  
  195  17:38  Marine  
  195  17:39  Marauder, Marine x2  
  195  17:42  Unknown  
  195  17:43  Unknown  
  197  18:02  Missile Turret  
  197  18:04  Marauder  
  190  18:06  Marauder, Marine x2  
  190  18:07  Viking x2  
  186  18:18  Marine x2  
  186  18:19  Marauder, Marine x2  
  173  18:24  Marine x2  
  173  18:26  Marauder, Marine  
  150  18:36  Marine x3  
  150  18:38  Marine  
  150  18:39  Unknown  
  150  18:40  Unknown  
  154  18:42  Marine x2  
  154  18:43  Planetary Fortress  
  154  18:45  Liberator  
  154  18:46  Liberator  
  154  18:49  Liberator  
  154  18:52  Liberator  
  160  18:56  Liberator  
  160  18:59  Liberator  
  166  19:08  Unknown  
  166  19:09  Unknown  
  172  19:21  Refinery x2, Marauder x2  
  174  19:26  Marine x2  
  174  19:27  Marine x3  
  174  19:28  Liberator  
  174  19:29  Liberator  
  174  19:30  Marine  
  186  19:32  Orbital Command, Liberator  
  189  19:41  Unknown  
  189  19:42  Unknown, Marauder x3, Marine  
  189  19:44  Unknown, Marine x2  
  189  19:45  Marauder  
  200  19:47  SCV  
  200  19:48  SCV x2  
  188  20:09  Liberator x2  
  188  20:12  Marauder x2, Marine  
  188  20:13  Marine  
  198  20:22  Marine x2  
  198  20:24  Command Center  
  198  20:26  Sensor Tower  
  179  20:35  Command Center x2  
  161  20:51  Marauder x2  
  161  20:53  Marauder x2  
  169  20:59  Marine x2  
  169  21:04  Marauder  
  171  21:07  Marine  
  171  21:08  Liberator x2  
  171  21:09  Medivac x2  
  156  21:11  Marine  
  156  21:12  Marine  
  156  21:17  Marauder, Marine  
  156  21:18  Marine  
  135  21:19  Marine  
  135  21:21  Marine  
  135  21:24  Marine  
  130  21:29  Liberator  
  117  21:35  Marine x3  
  117  21:36  Liberator  
  117  21:38  Marauder  
  117  21:39  Marine x2, Liberator  
  129  21:41  Unknown x2  
  134  21:52  Marauder  
  138  21:59  Medivac x2  
  144  22:10  Marine x2  
  144  22:12  Unknown, Marine  
  144  22:13  Marauder x2, Marine x2  
  144  22:14  Unknown  
  144  22:15  Liberator x2  
  155  22:19  Unknown, Marauder, Marine  
  164  22:28  Unknown, Marauder, Marine x2  
  167  22:30  Marine  
  167  22:33  Marine x2  
  167  22:34  Marauder  
  167  22:35  Medivac  
  167  22:36  Medivac  
  178  22:38  Liberator  
  178  22:41  Marauder, Liberator  
  178  22:42  Unknown  
  178  22:44  Marauder  
  187  22:52  Marauder  
  187  22:55  Marine x2  
  187  22:56  Marauder  
  193  23:00  Refinery  
  193  23:02  Unknown, Missile Turret  
  187  23:11  Orbital Command  
  187  23:13  Medivac x2  
  187  23:15  Marauder x3  
  187  23:18  Marine  
  196  23:28  Marauder x2  
  196  23:34  Planetary Fortress  
  200  23:36  Refinery  
  196  23:51  Marauder x2  
  199  23:55  Marine  
  199  24:01  Marauder, Marine x2  

Tags
 
Add a new tag
Caveats
  • Supply blocks, unpowered buildings, or Contaminate may cause inaccurate times.
  • Supply counts are checked every 10 seconds.